 Dungeon Crawl Stone Soup version 0.29.1-12-g30fa7ad0bf (webtiles) character file.

Game seed: 1713110703611465378

23 fantasyman the Covered (level 2, -1/27 HPs)
             Began as a Minotaur Fighter on Dec 27, 2022.
             Slain by Sigmund
             ... wielding a +0 scythe
              (10 damage)
             ... on level 2 of the Dungeon.
             The game lasted 00:00:32 (1181 turns).

fantasyman the Covered (Minotaur Fighter)           Turns: 1181, Time: 00:00:34

Health: -1/27      AC:  7    Str: 20    XL:     2   Next: 75%
Magic:  1/1        EV:  9    Int:  5    God:
Gold:   73         SH:  4    Dex:  9    Spells: 1/1 levels left

rFire   . . .      SeeInvis .   a - +0 war axe
rCold   . . .      Faith    .   c - +0 buckler
rNeg    . . .      Spirit   .   b - +0 scale mail
rPois   .          Reflect  .   (helmet restricted)
rElec   .          Harm     .   (no cloak)
rCorr   .          Rampage  .   (no gloves)
Will    .....                   (no boots)
Stlth   ..........              (no amulet)
HPRegen 0.09/turn               (no ring)
MPRegen 0.07/turn               (no ring)

@: no status effects
A: horns 2, retaliatory headbutt
a: no special abilities


You were on level 2 of the Dungeon.
You visited 1 branch of the dungeon, and saw 2 of its levels.

You collected 73 gold pieces.

Inventory:

Hand Weapons
 a - a +0 war axe (weapon)
Armour
 b - a +0 scale mail (worn)
 c - a +0 buckler (worn)
Scrolls
 e - a scroll of amnesia {unknown}
 f - a scroll of acquirement {unknown}
 g - 2 scrolls of enchant armour {unknown}
 l - a scroll of noise {unknown}
 m - a scroll of butterflies {unknown}
Potions
 d - a potion of might
 h - 2 potions of curing {unknown}
 i - a potion of degeneration {unknown}
 j - a potion of haste {unknown}
 k - a potion of heal wounds {unknown}


   Skills:
 + Level 4.1 Fighting
 + Level 2.7 Axes
 + Level 4.2 Armour
 + Level 3.8 Shields


You had one spell level left.
You didn't know any spells.
Your spell library contained the following spells:

 Spells                   Type           Power      Damage    Failure   Level
 Iskenderun's Battlesphe  Conj           0%         2d6       100%        5
 Iron Shot                Conj/Erth      0%         9d1       100%        6
 Spellforged Servitor     Conj/Summ      0%         N/A       100%        7


Dungeon Overview and Level Annotations

Branches:
Dungeon (2/15)

Altars:

Annotations:
D:2 Sigmund


Innate Abilities, Weirdness & Mutations

You have a pair of horns on your head.
You reflexively headbutt those who attack you in melee.


Message History

The rat bites you but does no damage.
A rat is nearby!
You slash the rat!
You kill the rat!
Sigmund the Dreaded comes into view.
He is wielding a +0 scythe.
Sigmund shouts!
You hear an angry hiss.
Sigmund points at you and mumbles some strange words.
The puff of flame hits you!
A ball python comes into view.
You see here a rat corpse.
A rat comes into view.
Found a pink potion.
Sigmund casts a spell.
Sigmund flickers and vanishes!
Deactivating autopickup; reactivate with Ctrl-A.
There are monsters nearby!
Found a leather armour.
The ball python barely misses you. The ball python grabs you.
The ball python constricts you.
There is a stone staircase leading down here.
There are monsters nearby!
You barely miss the ball python. Your headbutt misses the ball python.
Something hits you! You block the ball python's attack.
The ball python constricts you. The rat bites you but does no damage.
You are too injured to fight recklessly!
You escape the ball python's grasp.
The ball python attacks as you move away!
The ball python closely misses you. x2
The ball python attacks as you move away!
The ball python bites you but does no damage.
The ball python closely misses you. You block the ball python's attack.
The ball python closely misses you.
You hit the ball python.
The ball python is severely wounded.
The ball python bites you. The ball python grabs you.
The ball python constricts you. Something hits you.
You hit the ball python.
You kill the ball python!
The rat closely misses you. Something hits you!
You die...

#......#..## #
##........###
#...........###
##.#.....###....
#..#.....# ##### #
##.##.....# # #.
##......####
#####.####†.#....#
#........r@##....#
#......>.####....#
#........# #)...#
#.......!# ######
#........#
#[.......#
##########


You could see a rat.

Vanquished Creatures
  An endoplasm (D:1)
  2 giant cockroaches
  2 goblins (D:1)
  2 kobolds (D:1)
  2 quokkas
  6 ball pythons
  3 bats (D:1)
  A frilled lizard (D:1)
  4 rats
23 creatures vanquished.

Vanquished Creatures (others)
  A plant (D:1)
1 creature vanquished.

Grand Total: 24 creatures vanquished

Notes
Turn   | Place    | Note
-------+----------+-------------------------------------------
     0 | D:1      | fantasyman the Minotaur Fighter began the quest for the
                  | Orb.
     0 | D:1      | Reached XP level 1. HP: 19/19 MP: 0/0
   290 | D:1      | Reached XP level 2. HP: 22/27 MP: 1/1
  1172 | D:2      | Noticed Sigmund
  1181 | D:2      | Slain by Sigmund

Illustrated notes

Levels and vault maps discovered:
D:1:      minmay_arrival_jagged, layout_loops_corners, serial_bayou_ford_a,
          minmay_misc_feat_doors
D:2:      layout_rooms, uniq_sigmund

Skill      XL: |  1  2 |
---------------+-------+-----
Fighting       | 4 |  4.1
Armour         | 4 |  4.2
Axes           | |  2.7
Shields        | |  3.8

Action                   || total
-------------------------++-------
Melee: War axe           ||    53
       Headbutt          ||     3
Armor: Scale mail        ||    28
Dodge: Dodged            ||    29
Block: Buckler           ||     9
